 Dungeon Crawl Stone Soup version 0.23.2-40-g277498a001 (webtiles) character file.

Game seed: 991475828035926599

826 Emblim88 the Skirmisher (level 7, -1/56 HPs)
             Began as a Demonspawn Fighter on Aug 17, 2019.
             Slain by Prince Ribbit (8 damage)
             ... on level 5 of the Dungeon.
             The game lasted 00:14:21 (5088 turns).

Emblim88 the Skirmisher (Demonspawn Fighter)        Turns: 5088, Time: 00:14:22

Health: -1/56      AC: 13    Str: 23    XL:     7   Next: 64%
Magic:  0/6        EV:  4    Int: 10    God:
Gold:   284        SH: 10    Dex: 12    Spells: 6/6 levels left

rFire    + . .     SeeInvis .   a - +0 long sword
rCold    x . .     Gourm    .   c - +0 shield
rNeg     + . .     Faith    .   h - +0 plate armour
rPois    .         Spirit   +   (no helmet)
rElec    .         Reflect  .   (no cloak)
rCorr    .         Harm     .   (no gloves)
MR       .....                  x - +0 pair of boots
Stlth    ..........             p - amulet of magic regeneration
HPRegen  0.18/turn              s - ring of fire
MPRegen  0.35/turn              w - ring of positive energy

@: mighty
A: claws 2, blurry vision 1, low mp 1, wild magic 1, magic shield, MP-powered
wands
a: no special abilities


You were on level 5 of the Dungeon.
You were not hungry.

You visited 1 branch of the dungeon, and saw 5 of its levels.

You collected 284 gold pieces.

Inventory:

Hand Weapons
 a - a +0 long sword (weapon)
 b - a +0 dagger of speed
 q - a +0 arbalest
Armour
 c - a +0 shield (worn)
 h - a +0 plate armour (worn)
 x - a +0 pair of boots (worn)
 y - the +1 robe of Xom's Esteem {MP+9 Int+7 Stlth-}
   (You found it on level 4 of the Dungeon)

   It affects your intelligence (+7).
   It affects your magic capacity (+9).
   It makes you less stealthy.
Jewellery
 p - an amulet of magic regeneration (around neck)
 s - a ring of fire (left claw)
 w - a ring of positive energy (right claw)
Wands
 u - a wand of acid (9)
Scrolls
 g - a scroll of noise {unknown}
 i - a scroll of fog
 j - 2 scrolls of magic mapping
 k - a scroll of remove curse
 m - a scroll of blinking
 n - a scroll of enchant armour
 r - a scroll of teleportation
 v - a scroll of amnesia
Potions
 d - a potion of might
 e - a potion of mutation
 l - a potion of flight
 o - a potion of heal wounds {unknown}
 t - a potion of resistance
 A - a potion of degeneration {unknown}
Comestibles
 f - 7 rations


   Skills:
 + Level 5.2 Fighting
 + Level 4.2 Long Blades
 + Level 4.8 Armour
 + Level 4.7 Shields


You had 6 spell levels left.
You didn't know any spells.
Your spell library was empty.

Dungeon Overview and Level Annotations

Branches:
Dungeon (5/15)             Temple (0/1) D:5

Altars:
Nemelex Xobeh

Annotations:
D:5 Grinder, Prince Ribbit


Innate Abilities, Weirdness & Mutations

You have very sharp fingernails.
When hurt, damage is shared between your health and your magic reserves.
Scrolls take you a little longer to read.
Your magical capacity is low. (-10% MP)
Your spells are a little harder to cast, but a little more powerful.
You expend magic power (3 MP) to strengthen your wands.


Message History

* * * LOW HITPOINT WARNING * * *
You closely miss Prince Ribbit.
Prince Ribbit is moderately wounded.
Prince Ribbit blinks!
Prince Ribbit blinks!
Grinder blinks!
Grinder rolls her eyes.
Grinder gestures at you.
You suddenly lose the ability to move!
Grinder drinks a potion.
Grinder is healed!
Grinder says, "Tell me all your secrets, or I'll kill you."
Prince Ribbit blinks!
You can move again.
You block Prince Ribbit's attack.
Prince Ribbit croaks regally.
Prince Ribbit blinks!
You slash Prince Ribbit!
Prince Ribbit is heavily wounded.
Prince Ribbit hits you!
You die...

####.### #.. ########## #.#
##.. #........### #.# #..#
#..F.......####.########..#
#..#######................#
#.5###.##.#.###..# #..#
#.#.....##..# #.##
#.#.........# #@#
#.#.....##..# #F#
#....(.###.## ..#
####......... ####
#..####.#. ##.# #... #.#
###. #####.## #... #......#
#... #.###..# #...


You could see Prince Ribbit and Grinder.

Vanquished Creatures
  Duvessa (D:5)
  2 ogres
  Dowan (D:5)
  A bullfrog skeleton (D:5)
  A jelly (D:5)
  An orc priest (D:4)
  A centaur skeleton (D:3)
  Jessica (D:2)
  3 orc wizards
  3 worker ants (D:4)
  2 hound skeletons
  2 worker ant zombies
  3 adders
  A shadow imp (D:5)
  4 oozes
  An adder zombie (D:3)
  3 worms
  3 dart slugs (D:1)
  3 leopard geckos
  13 orcs
  5 giant cockroaches
  8 goblins
  7 hobgoblins
  4 jackals (D:5)
  3 quokkas
  A ball python (D:1)
  5 bats
  4 frilled lizards
  A jackal skeleton (D:3)
  A jackal zombie (D:3)
  4 kobolds
  2 leopard gecko skeletons (D:3)
  5 rats
100 creatures vanquished.

Notes
Turn   | Place    | Note
-------+----------+-------------------------------------------
     0 | D:1      | Emblim88 the Demonspawn Fighter began the quest for the
                  | Orb.
     0 | D:1      | Reached XP level 1. HP: 18/18 MP: 1/1
     2 | D:1      | Noticed a ghoul
     2 | D:1      | Noticed a minotaur
     4 | D:1      | Noticed a vine stalker
     6 | D:1      | Noticed a spriggan
     6 | D:1      | Noticed a felid
     8 | D:1      | Noticed a demigod
     8 | D:1      | Noticed a merfolk
    10 | D:1      | Noticed a tengu
    10 | D:1      | Noticed a human
    12 | D:1      | Noticed an elf
    14 | D:1      | Noticed an octopode
    16 | D:1      | Noticed a troll
    16 | D:1      | Noticed a gargoyle
    18 | D:1      | Noticed an ogre
    18 | D:1      | Noticed a dwarf
    20 | D:1      | Noticed a halfling
    22 | D:1      | Noticed a demonspawn
    22 | D:1      | Noticed a naga
    24 | D:1      | Noticed a formicid
    24 | D:1      | Noticed a centaur
    26 | D:1      | Noticed a vampire
    26 | D:1      | Noticed a draconian
   139 | D:1      | Gained mutation: When hurt, damage is shared between your
                  | health and your magic reserves. [demonic ancestry]
   139 | D:1      | Reached XP level 2. HP: 19/24 MP: 2/2
   663 | D:1      | Gained mutation: You have sharp fingernails. [demonic
                  | ancestry]
   663 | D:1      | Reached XP level 3. HP: 22/29 MP: 1/3
  1364 | D:2      | Noticed Jessica
  1376 | D:2      | Killed Jessica
  1376 | D:2      | Reached XP level 4. HP: 21/36 MP: 4/4
  2131 | D:3      | Reached XP level 5. HP: 42/42 MP: 5/5
  2265 | D:3      | Reached skill level 4 in Fighting
  3034 | D:4      | Gained mutation: You have very sharp fingernails. [demonic
                  | ancestry]
  3034 | D:4      | Reached XP level 6. HP: 26/48 MP: 3/6
  3476 | D:4      | Got a distressingly furry robe
  3477 | D:4      | Identified the +1 robe of Xom's Esteem {MP+9 Int+7 Stlth-}
                  | (You found it on level 4 of the Dungeon)
  3652 | D:4      | Found a sparkling altar of Nemelex Xobeh.
  4102 | D:5      | Entered Level 5 of the Dungeon
  4109 | D:5      | Gained mutation: Scrolls take you a little longer to read.
                  | [potion of mutation]
  4109 | D:5      | Gained mutation: Your magical capacity is low. (-10% MP)
                  | [potion of mutation]
  4109 | D:5      | Gained mutation: You expend magic power (3 MP) to
                  | strengthen your wands. [potion of mutation]
  4109 | D:5      | Gained mutation: Your spells are a little harder to cast,
                  | but a little more powerful. [potion of mutation]
  4156 | D:5      | Reached XP level 7. HP: 38/55 MP: 6/6
  4610 | D:5      | Reached skill level 5 in Fighting
  4724 | D:5      | Noticed Dowan
  4735 | D:5      | Killed Dowan
  4741 | D:5      | Noticed Duvessa
  4757 | D:5      | Killed Duvessa
  4993 | D:5      | Found a staircase to the Ecumenical Temple.
  5057 | D:5      | Noticed Prince Ribbit
  5058 | D:5      | Noticed Grinder
  5080 | D:5      | Paralysed by Grinder for 5 turns
  5088 | D:5      | Slain by Prince Ribbit

Skill      XL: |  1  2  3  4  5  6  7 |
---------------+----------------------+-----
Long Blades    | 2 3 4 |  4.2
Armour         | 3 4 |  4.8
Shields        | 3 4 |  4.7
Fighting       | 4 5 |  5.2

Action                   |  1- 3 |  4- 6 |  7- 9 || total
-------------------------+-------+-------+-------++-------
Melee: Long sword        |   146 |   278 |    97 ||   521
  Use: Scroll            |       |     8 |       ||     8
       Potion            |       |     7 |     4 ||    11
  Eat: Chunk             |     2 |     4 |       ||     6
       Ration            |       |     2 |     1 ||     3
Armor: Scale mail        |     3 |       |       ||     3
       Plate armour      |    90 |   272 |    70 ||   432
Dodge: Dodged            |     9 |    46 |    20 ||    75
Block: Shield            |    90 |   176 |    65 ||   331
       Rpst.: Long sword |     3 |    18 |     8 ||    29
